 Dungeon Crawl Stone Soup version 0.20.1-1-g8b1a95d (webtiles) character file.

74 Qayin the Sneak (level 4, -1/30 HPs)
             Began as a Vampire Enchanter on Nov 11, 2017.
             Slain by a crimson imp (3 damage)
             ... on level 3 of the Dungeon.
             The game lasted 00:17:32 (2294 turns).

Qayin the Sneak (Vampire Enchanter)                 Turns: 2294, Time: 00:17:33

Health: -1/30      AC:  3    Str:  7    XL:     4   Next: 10%
Magic:  7/7        EV: 13    Int: 18    God:
Gold:   138        SH:  0    Dex: 14    Spells: 4/7 levels left

rFire    . . .     SeeInvis +   a - +1 dagger
rCold    + . .     Gourm    .   (no shield)
rNeg     + . .     Faith    .   b - +0 robe
rPois    .         Spirit   .   f - +0 helmet
rElec    .         Reflect  .   (no cloak)
rCorr    .         Harm     .   (no gloves)
MR       .....                  (no boots)
Stlth    +++.......             (no amulet)
Regen    0.1/turn               u - ring of protection from cold
MPRegen  0.1/turn               (no ring)

@: no status effects
A: fangs 3, see invisible, unbreathing
a: Bat Form


You were on level 3 of the Dungeon.
You were not thirsty.

You visited 1 branch of the dungeon, and saw 3 of its levels.

You collected 138 gold pieces.


Innate Abilities, Weirdness & Mutations

You have razor-sharp teeth.
You have supernaturally acute eyesight. (SInv)
You can survive without breathing.


   Skills:
 - Level 1.1 Short Blades
 + Level 3.4 Dodging
 + Level 5.7 Stealth
 - Level 2.0 Spellcasting
 + Level 5.3 Hexes


You had 4 spell levels left.
You knew the following spells:

 Your Spells              Type           Power        Failure   Level  Hunger
a - Corona                Hex            ###....      1%          1    #......
b - Ensorcelled Hibernat  Hex/Ice        ##....       9%          2    ###....

Inventory:

Hand Weapons
 a - a +1 dagger (weapon)
 l - a +0 hunting sling
 q - a +0 hand axe
Missiles
 m - 54 stones (quivered)
 t - 10 sling bullets
Armour
 b - a +0 robe (worn)
 f - a +0 helmet (worn)
Jewellery
 u - a ring of protection from cold (left hand)
Wands
 j - a wand of acid (6/15)
Scrolls
 e - a scroll of blinking {unknown}
 g - a scroll of remove curse {unknown}
 i - a scroll of identify {unknown}
 k - 3 scrolls of immolation {unknown}
 p - a scroll of amnesia {unknown}
Potions
 d - 22 potions of blood {@q4}
 h - 2 potions of curing {unknown}
 n - a potion of flight {unknown}
 o - a potion of ambrosia {unknown}
 r - a potion of resistance {unknown}
 s - a potion of lignification {unknown}
Books
 c - a book of Maledictions

   Spells                             Type                      Level
   a - Corona                         Hexes                        1
   b - Ensorcelled Hibernation        Hexes/Ice                    2
   c - Confuse                        Hexes                        3
   d - Tukima's Dance                 Hexes                        3
   e - Dazzling Spray                 Conjuration/Hexes            3

Dungeon Overview and Level Annotations

Branches:
Dungeon (3/15)

Altars:

Annotations:
D:1 cleared
D:2 cleared, 1 exclusion

#.....##..##.#
#.....###.# #.....#
#.##.# #.....###..#.#
#########...(......#.#
#..........([........#
#.?..................#
#..........5.........#
#.......(.@.........>#
#..(...............#.#
#...........(......#.#
#.........##########.#
#......[..#
#.........#
###########


You could see a crimson imp.


Message History

The crimson imp is lightly wounded.
The crimson imp hits you but does no damage.
You closely miss the crimson imp.
The crimson imp hits you but does no damage.
You closely miss the crimson imp.
You bite the crimson imp, but do no damage.
The crimson imp hits you.
* * * LOW HITPOINT WARNING * * *
You closely miss the crimson imp. The crimson imp barely misses you.
You hit the crimson imp.
The crimson imp is lightly wounded.
The crimson imp hits you but does no damage.
You hit the crimson imp.
The crimson imp is lightly wounded.
The crimson imp hits you.
* * * LOW HITPOINT WARNING * * *
You hit the crimson imp but do no damage.
The crimson imp is lightly wounded.
The crimson imp barely misses you.
You hit the crimson imp. Your bite misses the crimson imp.
The crimson imp is lightly wounded.
The crimson imp hits you.
* * * LOW HITPOINT WARNING * * *
You hit the crimson imp. Your bite misses the crimson imp.
The crimson imp is lightly wounded.
The crimson imp hits you.
You die...

Action                   |  1- 3 |  4- 6 || total
-------------------------+-------+-------++-------
Melee: Dagger            |    87 |   107 ||   194
       Bite              |     5 |     7 ||    12
 Fire: Hunting sling     |     1 |    11 ||    12
 Cast: Corona            |     8 |     2 ||    10
       Ensorcelled Hiber |    32 |     7 ||    39
  Use: Potion            |     2 |     1 ||     3
 Stab: Sleeping          |    27 |     1 ||    28
       Distracted        |     1 |       ||     1
  Eat: Corpse            |     3 |       ||     3
Armor: Robe              |    19 |    16 ||    35
Dodge: Dodged            |    50 |    53 ||   103

Vault maps used:
D:1:      nicolae_arrival_kraken_aquarium_b, grunt_decor_mini_mirrors

Notes
Turn   | Place    | Note
-------+----------+-------------------------------------------
     0 | D:1      | Qayin the Vampire Enchanter began the quest for the Orb.
     0 | D:1      | Reached XP level 1. HP: 13/13 MP: 3/3
     2 | D:1      | Noticed a minotaur
     2 | D:1      | Noticed a spriggan
     2 | D:1      | Noticed a minotaur
     2 | D:1      | Noticed a dwarf
     2 | D:1      | Noticed a vampire
     2 | D:1      | Noticed a vampire
     2 | D:1      | Noticed a draconian
     2 | D:1      | Noticed a kraken
     2 | D:1      | Noticed a troll
     2 | D:1      | Noticed a ghoul
     2 | D:1      | Noticed a gargoyle
     2 | D:1      | Noticed a centaur
     2 | D:1      | Noticed a vampire
     4 | D:1      | Killed a draconian
     7 | D:1      | Killed a gargoyle
    11 | D:1      | Killed a vampire
    11 | D:1      | Killed a troll
    13 | D:1      | Killed a ghoul
    14 | D:1      | Killed a minotaur
    16 | D:1      | Killed a centaur
    18 | D:1      | Killed a vampire
    18 | D:1      | Killed a vampire
    18 | D:1      | Killed a spriggan
    19 | D:1      | Killed a dwarf
    24 | D:1      | Killed a minotaur
   443 | D:1      | Reached XP level 2. HP: 19/19 MP: 3/5
   450 | D:1      | Learned a level 2 spell: Ensorcelled Hibernation
   940 | D:1      | Reached skill level 5 in Hexes
   973 | D:1      | Reached skill level 5 in Stealth
  1177 | D:2      | Reached XP level 3. HP: 24/24 MP: 1/6
  1622 | D:2      | Reached skill level 3 in Dodging
  1966 | D:3      | Reached XP level 4. HP: 30/30 MP: 4/7
  2291 | D:3      | HP: 3/30 [crimson imp (3)]
  2294 | D:3      | Slain by a crimson imp

Vanquished Creatures
  2 adders
  2 worms
  2 dart slugs (D:1)
  3 leopard geckos
  7 goblins
  8 hobgoblins
  3 jackals (D:2)
  5 kobolds
  5 bats
  A frilled lizard (D:2)
  2 rats (D:3)
40 creatures vanquished.

Vanquished Creatures (others)
  A ghoul (D:1)
  2 minotaurs (D:1)
  A draconian (D:1)
  A gargoyle (D:1)
  A troll (D:1)
  A spriggan (D:1)
  3 vampires (D:1)
  A dwarf (D:1)
  A centaur (D:1)
  2 mummies (D:1)
  A kobold (D:1)
  10 tentacles (D:1)
25 creatures vanquished.

Grand Total: 65 creatures vanquished
